 Dungeon Sprint DCSS version 0.27-a0-1302-g7736ffe575 (console) character file.

Game seed: 16317525434571160641

25 Banquo the Thaumaturge (level 2, 0/15 HPs)
             Began as a Deep Elf Fire Elementalist on June 18, 2021.
             Slain by an ogre (15 damage)
             ... in the Dungeon (Sprint I: "Red Sonja").
             The game lasted 00:01:39 (87 turns).

Banquo the Thaumaturge (Deep Elf Fire Elementalist)   Turns: 87, Time: 00:01:39

Health: 0/15       AC:  2    Str:  5    XL:     2   Next: 82%
Magic:  8/13       EV: 12    Int: 19    God:
Gold:   0          SH:  0    Dex: 15    Spells: 16/17 levels left

rFire    . . .     SeeInvis .   (no weapon)
rCold    . . .     Faith    .   (no shield)
rNeg     . . .     Spirit   .   a - +0 robe
rPois    .         Reflect  .   (no helmet)
rElec    .         Harm     .   (no cloak)
rCorr    .         Rampage  .   (no gloves)
Will     .....     NoTele   +   (no boots)
Stlth    ++........             (no amulet)
HPRegen  0.05/turn              (no ring)
MPRegen  0.13/turn              (no ring)

@: hasted, very quick
A: no striking features
a: no special abilities


You were in the Dungeon.
You visited 1 branch

Inventory:

Hand Weapons
 f - a +0 club
Armour
 a - a +0 robe (worn)
Scrolls
 g - a scroll of blinking
Potions
 b - a potion of curing
 c - a potion of heal wounds
 e - 2 potions of magic


   Skills:
 - Level 2.4 Dodging
 - Level 2.4 Stealth
 + Level 8.1 Spellcasting
 * Level 1.1 Conjurations
 * Level 3.2 Fire Magic


You had 16 spell levels left.
You knew the following spells:

 Your Spells              Type           Power      Damage    Failure   Level
a - Foxfire               Conj/Fire      64%        2x1d7     3%          1

Your spell library contained the following spells:

 Spells                   Type           Power      Damage    Failure   Level
 Conjure Flame            Conj/Fire      16%        6-21      11%         3
 Inner Flame              Hex/Fire       14%        N/A       14%         3
 Sticky Flame             Conj/Fire      16%        2d4       36%         4
 Fireball                 Conj/Fire      8%         3d6       71%         5


Dungeon Overview and Level Annotations

Branches:
Dungeon (1/1)

Altars:


Message History

You open the door.
An ogre comes into view. It is wielding a +0 giant club.
Casting: Foxfire (safe; 3% risk of failure)
Confirm with . or Enter, or press ? or * to list all spells.
You miscast Foxfire.
You are very lightly contaminated with residual magic.
Nothing appears to happen.
Casting: Foxfire (safe; 3% risk of failure)
Confirm with . or Enter, or press ? or * to list all spells.
You conjure some foxfire!
The foxfire hits the ogre.
The ogre is lightly wounded.
The ogre shouts!
Casting: Foxfire (safe; 3% risk of failure)
Confirm with . or Enter, or press ? or * to list all spells.
You conjure some foxfire!
Casting: Foxfire (safe; 3% risk of failure)
Confirm with . or Enter, or press ? or * to list all spells.
You conjure some foxfire!
The foxfire hits the ogre.
The ogre is moderately wounded.
The foxfire hits the ogre.
The ogre is moderately wounded.
The foxfire hits the ogre.
The ogre is heavily wounded.
The foxfire hits the ogre.
The ogre is severely wounded.
Casting: Foxfire (safe; 3% risk of failure)
Confirm with . or Enter, or press ? or * to list all spells.
You conjure some foxfire!
The foxfire hits the ogre.
The ogre is severely wounded.
The foxfire hits the ogre.
The ogre is almost dead.
Your magical contamination has completely faded away.
There is an open door here.
Casting: Foxfire (safe; 3% risk of failure)
Confirm with . or Enter, or press ? or * to list all spells.
You conjure some foxfire!
The ogre hits you with a +0 giant club!
Ouch! That really hurt!
You die...

##########
#<.#..'..#
#.v@O.#..+
#.v#### +#
#..# #..#
#..# #⌠⌠#
####


You could see an ogre (ally target).

Vanquished Creatures
  Ijyb (D)
1 creature vanquished.

Vanquished Creatures (others)
  10 foxfires (D)
10 creatures vanquished.

Grand Total: 11 creatures vanquished

Notes
Turn   | Place    | Note
-------+----------+-------------------------------------------
     0 | D        | Banquo the Deep Elf Fire Elementalist began the quest for
                  | the Orb.
     0 | D        | Reached XP level 1. HP: 10/10 MP: 6/6
     1 | D        | Noticed Ijyb
     9 | D        | Killed Ijyb
    10 | D        | Reached skill level 8 in Spellcasting
    10 | D        | Reached XP level 2. HP: 15/15 MP: 3/13
    74 | D        | Noticed an ogre
    87 | D        | Slain by an ogre

Illustrated notes

Levels and vault maps discovered:
D:        dungeon_sprint_1 [red_sonja_temple_1, red_sonja_temple_small_1]

Skill      XL: |  1 |
---------------+----+-----
Spellcasting   | 8 |  8.1
Dodging        | |  2.4
Stealth        | |  2.4
Conjurations   | |  1.1
Fire Magic     | |  3.2

Action                   || total
-------------------------++-------
Melee: Unarmed           ||     3
 Cast: Foxfire           ||     8
  Use: Potion            ||     2

Table legend: (Time is in decaauts)
 A = Elapsed time spent in this place.
 B = Non-inter-level travel time spent in this place.
 C = Inter-level travel time spent in this place.
 D = Time resting spent in this place.
 E = Time spent auto-exploring this place.
 F = Levels seen in this place.
 G = Mean time per level.
                   A        B        C        D        E       F      G
               +--------+--------+--------+--------+--------+-----+--------+
         Total |     93 |     93 |      0 |     69 |      0 |   1 |   93.0 |
       Dungeon |     93 |     93 |      0 |     69 |      0 |   1 |   93.0 |
               +--------+--------+--------+--------+--------+-----+--------+

Top non-repeatable levels by time:
       D: 93 daAuts
